 Dungeon Crawl Stone Soup version 0.30.1-11-g7821555f0a (webtiles) character file.

Game seed: 17728694502226185457

4 comborobin the Sneak (level 1, -3/19 HPs)
             Began as a Hill Orc Delver on Dec 23, 2023.
             Slain by an iguana (7 damage)
             ... on level 4 of the Dungeon.
             The game lasted 00:01:35 (432 turns).

comborobin the Sneak (Hill Orc Delver)               Turns: 432, Time: 00:01:35

Health: -3/19      AC:  4    Str: 14    XL:     1   Next: 70%
Magic:  1/1        EV: 11    Int: 10    God:
Gold:   27         SH:  0    Dex: 12    Spells: 0/0 levels left

rFire   . . .        a - +0 hand axe
rCold   . . .        (no shield)
rNeg    . . .        b - +0 leather armour
rPois   .            (no helmet)
rElec   .            (no cloak)
rCorr   .            h - +0 pair of gloves
SInv    .            (no boots)
Will    .....        (no amulet)
Stlth   ++           (no ring)
HPRegen 0.23/turn    (no ring)
MPRegen 0.07/turn

%: no passive effects
@: no status effects
A: no striking features
a: no special abilities


You were on level 4 of the Dungeon.
You visited 1 branch of the dungeon, and saw 3 of its levels.

You collected 27 gold pieces.

Inventory:

Hand Weapons
 a - a +0 hand axe (weapon)
Missiles
 i - an atropa-tipped dart (quivered)
Armour
 b - a +0 leather armour (worn)
 h - a +0 pair of gloves (worn)
Wands
 g - a wand of digging (2)
Scrolls
 c - a scroll of fog


   Skills:
 - Level 3.6 Fighting
 + Level 3.3 Axes
 - Level 1.5 Dodging
 - Level 4.1 Stealth


You couldn't memorise any spells.
You didn't know any spells.
Your spell library was empty.

Dungeon Overview and Level Annotations

Branches:
Dungeon (6/15)
 Temple: D:4-7

Altars:
Elyvilon
Gozag


Message History

Unknown command.
Throw: 3 darts (atropa)
Press: ? - help, Q - select action Shift-Dir - straight line, f/p - iguana
Aim: an iguana (61% to hit, chance to blind on hit: 83%)
You throw an atropa-tipped dart. The atropa-tipped dart hits the iguana.
The iguana appears confused.
The iguana seems less confused.
Throw: 2 darts (atropa)
Press: ? - help, Q - select action Shift-Dir - straight line, f/p - iguana
Aim: an iguana (wandering, blind, hasn't noticed you, 61% to hit, chance to blind on hit: 83%)
You throw an atropa-tipped dart. The atropa-tipped dart hits the iguana.
The iguana appears confused.
The iguana hisses angrily.
The iguana seems less confused.
You see here an atropa-tipped dart.
Found an escape hatch in the floor.
The iguana hisses angrily.
You barely miss the iguana. The iguana barely misses you.
You hit the iguana.
The iguana is lightly wounded.
The iguana bites you but does no damage.
You hit the iguana.
The iguana is lightly wounded.
The iguana closely misses you.
You strike the helpless iguana from behind!
You hit the iguana.
The iguana is heavily wounded.
The iguana is no longer blind.
The iguana closely misses you. The iguana bites you!
You barely miss the iguana.
The iguana is heavily wounded.
The iguana closely misses you.
You barely miss the iguana.
The iguana is heavily wounded.
The iguana bites you!
* * * LOW HITPOINT WARNING * * *
You barely miss the iguana.
The iguana is heavily wounded.
The iguana bites you!
You die...

..... ##
>.##...##.
..#...#..
.#...#.
#####.....#####
#.............#
#......♣......#
#......l@(....#
####....(#####
##.'#..(#+
#...#...#
#>)##.$.#
####....#
######


You could see an iguana.

Vanquished Creatures
  A worm (D:5)
  A goblin (D:4)
2 creatures vanquished.

Notes
Turn   | Place    | Note
-------+----------+-------------------------------------------
     0 | D:5      | comborobin the Hill Orc Delver began the quest for the Orb.
     0 | D:5      | Reached XP level 1. HP: 19/19 MP: 1/1
    64 | D:5      | Found a white marble altar of Elyvilon.
   120 | D:5      | Noticed a scorpion
   140 | D:5      | Noticed a jelly
   141 | D:5      | Noticed a hound
   169 | D:6      | Noticed an iguana
   169 | D:6      | Noticed an iguana
   335 | D:5      | Noticed a scorpion
   336 | D:5      | Noticed a scorpion
   377 | D:5      | Found an opulent altar of Gozag.
   413 | D:4      | Noticed an iguana
   432 | D:4      | Slain by an iguana

Illustrated notes

Levels and vault maps discovered:
D:4:      layout_rooms, nicolae_tso_swordbearing_angel, general_overflow_altar,
          mainiacjoe_overflow_24_doors, gammafunk_ghost_mausoleum, serial_shops,
          shop, shop, portal_sewer_entry_a, grunt_ministairs_6,
          kennysheep_small_square
D:5:      layout_cave_pods, kennysheep_ying_yang, old_standard_altar,
          uniq_sigmund, uniq_edmund
D:6:      layout_gridville, nicolae_dithmenos_through_a_glass_darkly,
          gammafunk_temple_overflow_arena, grunt_temple_overflow_diamond

Skill      XL: |  1 |
---------------+----+-----
Axes           | 3 |  3.3
Fighting       | |  3.6
Dodging        | |  1.5
Stealth        | |  4.1

Action                     || total
---------------------------++-------
  Melee: Hand axe          ||    19
  Throw: Dart              ||     3
  Evoke: Wand              ||     1
    Use: Scroll            ||     2
         Potion            ||     1
   Stab: Invisible         ||     1
         Sleeping          ||     1
 Armour: Leather armour    ||     1
  Dodge: Dodged            ||     6
